 Dungeon Crawl Stone Soup version 0.18.1-48-g4cf74bf (webtiles) character file.

211 mkm the Ducker (level 5, -6/52 HPs)
             Began as a Troll Fighter on Sept 11, 2016.
             Mangled by attackplan's ghost (11 damage)
             ... on level 3 of the Dungeon.
             The game lasted 00:14:56 (2351 turns).

mkm the Ducker (Troll Fighter)                      Turns: 2351, Time: 00:14:57

Health: -6/52      AC:  5    Str: 30    XL:     5   Next: 57%
Magic:  4/4        EV: 14    Int:  4    God:    Xom [..*...]
Gold:   125        SH: 10    Dex: 14    Spells: 0 memorised, 4 levels left

rFire  . . .     SeeInvis .     a - +1 war axe
rCold  . . .     Gourm    +     b - +0 robe
rNeg   . . .     Faith    .     c - +0 shield
rPois  .         Spirit   .     (helmet restricted)
rElec  .         Dismiss  .     (no cloak)
rCorr  .         Reflect  .     (gloves unavailable)
SustAt .         Harm     .     (boots unavailable)
MR     +....                    (no amulet)
Stlth  ++........               (no ring)
                                t - ring of protection from magic

@: mighty, agile, somewhat resistant to hostile enchantments, unstealthy
A: unfitting armour, claws 3, fast metabolism 3, gourmand, regeneration 2,
shaggy fur 1, tough skin 2
a: Renounce Religion


You were on level 3 of the Dungeon.
You worshipped Xom.
You were a toy of Xom.
You were not hungry.

You visited 1 branch of the dungeon, and saw 3 of its levels.

You collected 125 gold pieces.

Inventory:

Hand Weapons
 a - a +1 war axe (weapon)
 g - a +0 hand axe
 h - a +0 dagger
 k - a +0 club
 n - a +0 club
 p - a +0 club
 q - a +0 dagger
 r - a +0 club
Armour
 b - a +0 robe (worn)
 c - a +0 shield (worn)
 e - a +0 naga barding
 f - a +0 ring mail
 j - a +0 leather armour
Jewellery
 t - a ring of protection from magic (left claw)
Scrolls
 i - a scroll of identify
 m - 2 scrolls of magic mapping
Potions
 l - 3 potions of degeneration {unknown}
 o - a potion of mutation {unknown}
 s - a potion of lignification {unknown}
 u - a potion of berserk rage {unknown}
Comestibles
 w - a meat ration
 A - a bread ration


   Skills:
 + Level 2.9 Fighting
 + Level 2.2 Axes
 + Level 4.0 Dodging
 + Level 0.1 Stealth
 + Level 3.4 Shields


You had 4 spell levels left.
You didn't know any spells.

Dungeon Overview and Level Annotations

Branches:
Dungeon (3/15)

Altars:
Vehumet
Xom

Annotations:
D:3 attackplan's ghost, amateur HOFi


Innate Abilities, Weirdness & Mutations

You are too large for most types of armour.
You have claws for hands.
Your metabolism is lightning-fast.
You like to eat raw meat.
You heal very quickly.
You are covered in fur (AC +1).
You have very tough skin (AC +2).


Message History

You slash attackplan's ghost!
Attackplan's ghost is severely damaged. "Go forth and destroy!"
You feel agile all of a sudden. You block attackplan's ghost's attack.
You slash attackplan's ghost!
Attackplan's ghost is almost destroyed.
Attackplan's ghost hits you.
* * * LOW HITPOINT WARNING * * *
Attackplan's ghost grins evilly.
Attackplan's ghost closely misses you.
You barely miss attackplan's ghost.
Attackplan's ghost is almost destroyed.
The crimson imp blinks!
Attackplan's ghost hits you.
* * * LOW HITPOINT WARNING * * *
You closely miss attackplan's ghost.
Attackplan's ghost is almost destroyed.
You block attackplan's ghost's attack. Attackplan's ghost hits you!
You die...
Xom chortles!

#.# .. #.# .. #.## #####
##### #..# #...#
.....r###.#####.#.####.##
.8...wlW@.........)......
......###..####.##)######
..... ##.# #.##.##...#
.... #.# #.....'...' ...
#.# ####.##...# .. #.#
#.##...# . #.# #.##...#
#.. #.##...# #.##....


You could see a worm (inner flame), attackplan's ghost (inner flame), a giant
gecko (inner flame) and a rat (inner flame).

Vanquished Creatures
  A crimson imp (D:3)
  A gnoll shaman (D:3)
  Natasha (twice) (D:3)
  4 gnolls
  An adder (D:2)
  2 oozes
  2 worms (D:2)
  A giant gecko (D:2)
  3 bats
  2 giant cockroaches (D:3)
  4 hobgoblins
  A quokka (D:2)
  3 giant newts
  4 goblins (D:1)
  8 kobolds
  7 rats
46 creatures vanquished.

Vanquished Creatures (others)
  A plant (D:1)
1 creature vanquished.

Grand Total: 47 creatures vanquished

Notes
Turn   | Place    | Note
--------------------------------------------------------------
     0 | D:1      | mkm the Troll Fighter began the quest for the Orb.
     0 | D:1      | Reached XP level 1. HP: 22/22 MP: 0/0
   312 | D:1      | Reached XP level 2. HP: 29/29 MP: 1/1
  1110 | D:1      | Reached XP level 3. HP: 26/36 MP: 2/2
  1677 | D:2      | Reached skill level 3 in Dodging
  1688 | D:2      | Found a radiant altar of Vehumet.
  2064 | D:3      | Found a faded altar to an unknown god.
  2077 | D:3      | Reached XP level 4. HP: 42/44 MP: 3/3
  2136 | D:3      | Found a shimmering altar of Xom.
  2146 | D:3      | Became a worshipper of Xom of Chaos
  2167 | D:3      | Noticed Natasha
  2176 | D:3      | XOM: harmless Conj miscast
  2177 | D:3      | Killed Natasha
  2233 | D:3      | XOM: potion effect (agility)
  2268 | D:3      | Noticed Natasha
  2270 | D:3      | Reached XP level 5. HP: 43/52 MP: 4/4
  2285 | D:3      | Killed Natasha
  2289 | D:3      | Reached skill level 4 in Dodging
  2333 | D:3      | Noticed attackplan's ghost (amateur HOFi)
  2348 | D:3      | XOM: potion effect (agility)
  2351 | D:3      | Mangled by attackplan's ghost

Skill      XL: |  1  2  3  4  5 |
---------------+----------------+-----
Dodging        | 3 4 |  4.0
Shields        | 3 |  3.4
Axes           | 2 |  2.2
Fighting       | |  2.9
Stealth        | |  0.1

Action                   |  1- 3 |  4- 6 || total
-------------------------+-------+-------++-------
Melee: War axe           |   153 |    45 ||   198
  Use: Scroll            |     1 |     6 ||     7
       Potion            |       |     1 ||     1
  Eat: Chunk             |     4 |     2 ||     6
       Meat ration       |     1 |       ||     1
       Bread ration      |     2 |       ||     2
Armor: Robe              |    49 |     7 ||    56
Dodge: Dodged            |    47 |    35 ||    82
Block: Shield            |    70 |    26 ||    96
